 Dungeon Crawl Stone Soup version 0.23-a0-650-ga4d50d4d25 (webtiles) character file.

658136 Napalmbreeze the Sorcerer (level 27, -18/176 HPs)
             Began as a Deep Elf Fire Elementalist on Jan 3, 2019.
             Was the Champion of Vehumet.
             Demolished by a Killer Klown (23 damage)
             ... on level 5 of the Realm of Zot.
             The game lasted 07:03:08 (84270 turns).

Napalmbreeze the Sorcerer (DEFE)                   Turns: 84270, Time: 07:03:09

Health: -18/176    AC: 11    Str:  5    XL:     27
Magic:  35/63      EV: 22    Int: 44    God:    Vehumet [******]
Gold:   3471       SH: 15    Dex: 19    Spells: 6/76 levels left

rFire    + + +     SeeInvis +   C - +10 trident of Eternal Vigilance {protect, *Drain rC+ MR+}
rCold    + + +     Gourm    .   h - +2 shield of Caex {Regen+ MP+9 Dex+4 Stlth+}
rNeg     . . .     Faith    .   l - +3 robe of Folly {Archmagi, MR-- Int+5}
rPois    +         Spirit   .   W - +1 hat {SInv}
rElec    +         Reflect  .   o - +1 cloak of a Thousand Songs {*Slow rF+ rC+ Int+5}
rCorr    +         Harm     .   L - +0 pair of gloves
MR       ++...                  q - +2 pair of boots {run}
Stlth    +++.......             p - amulet "Lafupp" {rF++ Regen+ Slay-4}
HPRegen  1.19/turn              x - ring "Tud Woist" {rCorr rPois}
MPRegen  0.38/turn              w - ring "Ampur" {rElec rC++ MR+}

@: about to teleport, quick
A: beak, blink, deformed body, electricity resistance, MP-powered wands
}: 4/15 runes: decaying, slimy, silver, gossamer
a: Blink, Renounce Religion


You were on level 5 of the Realm of Zot.
You worshipped Vehumet.
Vehumet was exalted by your worship.
You were not hungry.

You visited 10 branches of the dungeon, and saw 54 of its levels.

You collected 9871 gold pieces.
You spent 6400 gold pieces at shops.

Inventory:

Hand Weapons
 C - the +10 trident of Eternal Vigilance (weapon) {protect, *Drain rC+ MR+}
   (You found it on level 1 of the Orcish Mines)

   It protects the one who uses it against injury (+AC on strike).
   It protects you from cold.
   It affects your resistance to hostile enchantments.
   It causes draining when unequipped.
Armour
 h - the +2 shield of Caex (worn) {Regen+ MP+9 Dex+4 Stlth+}
   (You took it off an orc warlord on level 14 of the Dungeon)

   It affects your dexterity (+4).
   It affects your magic capacity (+9).
   It increases your rate of regeneration.
   It makes you more stealthy.
 l - the +3 robe of Folly (worn) {Archmagi, MR-- Int+5}
   (You found it on level 2 of the Vaults)

   It affects your intelligence (+5).
   It affects your resistance to hostile enchantments.
 o - the +1 cloak of a Thousand Songs (worn) {*Slow rF+ rC+ Int+5}
   (You acquired it on level 1 of the Elven Halls)

   It affects your intelligence (+5).
   It protects you from fire.
   It protects you from cold.
   It may slow you when you take damage.
 q - a +2 pair of boots of running (worn)
 L - a +0 pair of gloves (worn)
 S - +0 steam dragon scales
 V - a +1 hat of magic resistance
 W - a +1 hat of see invisible (worn)
Magical Staves
 r - an uncursed staff of energy
Jewellery
 p - the amulet "Lafupp" (around neck) {rF++ Regen+ Slay-4}
   (You took it off a deep elf archer on level 3 of the Elven Halls)

   [amulet of regeneration]

   It affects your accuracy and damage with ranged weapons and melee attacks
   (-4).
   It greatly protects you from fire.
   It increases your rate of regeneration.
 w - the ring "Ampur" (right hand) {rElec rC++ MR+}
   (You took it off a deep elf mage on level 3 of the Elven Halls)

   [ring of protection from magic]

   It greatly protects you from cold.
   It insulates you from electricity.
   It affects your resistance to hostile enchantments.
 x - the ring "Tud Woist" (left hand) {rCorr rPois}
   (You took it off a fire giant on level 5 of the Vaults)

   [ring of resist corrosion]

   It protects you from poison.
 E - an uncursed ring of positive energy
 G - the ring "Deom" {+Inv +Fly rC- Stlth+}
   (You took it off a deep elf mage on level 3 of the Elven Halls)

   [ring of flight]

   It makes you vulnerable to cold.
   It lets you turn invisible.
   It lets you fly.
   It makes you more stealthy.
 Z - the amulet of Xom's Recklessness {Reflect Dex+2 SH+4}
   (You took it off a deep elf mage on level 3 of the Elven Halls)

   [amulet of reflection]

   It shields you and reflects attacks.
   It affects your dexterity (+2).
   It affects your SH (+4).
Wands
 b - a wand of disintegration (40)
 A - a wand of scattershot (12)
 H - a wand of clouds (3)
 I - a wand of digging (3)
 N - a wand of acid (21)
 R - a wand of iceblast (27)
 T - a wand of paralysis (32)
Scrolls
 e - 2 scrolls of blinking
 j - 9 scrolls of fear
 k - 28 scrolls of teleportation
 n - 11 scrolls of magic mapping
 s - 4 scrolls of fog
 y - 2 scrolls of enchant armour
 z - 22 scrolls of remove curse
 B - a scroll of summoning
 D - 2 scrolls of holy word
 F - a scroll of enchant weapon
 J - 2 scrolls of amnesia
 Q - 14 scrolls of identify
Potions
 d - 4 potions of ambrosia
 f - 6 potions of brilliance
 g - 8 potions of haste
 i - 10 potions of flight
 m - 22 potions of curing
 t - 6 potions of magic
 M - 3 potions of agility
 O - 3 potions of cancellation
 P - a potion of invisibility
 U - 2 potions of resistance
Miscellaneous
 u - a lamp of fire
 K - 2 sacks of spiders
 X - 4 boxes of beasts
Comestibles
 c - 69 rations


   Skills:
 * Level 18.8 Fighting
 - Level 12.0 Dodging
 - Level 2.4 Stealth
 - Level 16.0 Shields
 + Level 25.3 Spellcasting
 - Level 22.0 Conjurations
 - Level 8.0 Summonings
 - Level 8.0 Necromancy
 - Level 20.0 Fire Magic
 - Level 8.0 Ice Magic
 - Level 6.0 Air Magic
 + Level 13.9 Earth Magic
   Level 4.4 Poison Magic
 - Level 9.2 Evocations


You had 6 spell levels left.
You knew the following spells:

 Your Spells              Type           Power        Failure   Level  Hunger
a - Lehudib's Crystal Sp  Conj/Erth      ########..   1%          8    None
c - Fire Storm            Conj/Fire      #########.   1%          9    None
e - Fireball              Conj/Fire      #########.   0%          5    None
f - Sticky Flame          Conj/Fire      ########     0%          4    None
g - Shatter               Erth           ########..   24%         9    None
q - Spellforged Servitor  Conj/Summ      ########..   1%          7    None
r - Orb of Destruction    Conj           #########.   1%          7    None
s - Bolt of Cold          Conj/Ice       ########..   1%          6    None
v - Borgnjor's Vile Clut  Necr/Erth      ########..   1%          5    None
w - Freezing Cloud        Conj/Ice/Air   ########..   1%          6    None
x - Animate Dead          Necr           N/A          1%          4    None

Your spell library contained the following spells:

 Spells                   Type           Power        Failure   Level  Hunger
 Tornado                  Air            ########..   99%         9    None
 Animate Skeleton         Necr           N/A          0%          1    None
 Flame Tongue             Conj/Fire      #####        0%          1    None
 Pain                     Necr           ####         0%          1    None
 Sandblast                Erth           ######       0%          1    None
 Shock                    Conj/Air       ####         0%          1    None
 Sting                    Conj/Pois      ####         0%          1    None
 Summon Butterflies       Summ           ########     0%          1    None
 Summon Small Mammal      Summ           ####         0%          1    None
 Call Imp                 Summ           ########     0%          2    None
 Corpse Rot               Necr           N/A          0%          2    None
 Sublimation of Blood     Necr           ########..   0%          2    None
 Throw Flame              Conj/Fire      ######       0%          2    None
 Conjure Flame            Conj/Fire      ########     0%          3    None
 Dazzling Spray           Conj/Hex       ######       0%          3    None
 Inner Flame              Hex/Fire       ########     0%          3    None
 Mephitic Cloud           Conj/Pois/Air  ########     0%          3    None
 Static Discharge         Conj/Air       ########     0%          3    None
 Stone Arrow              Conj/Erth      ######       0%          3    None
 Bolt of Magma            Conj/Fire/Erth ########..   0%          5    None
 Apportation              Tloc           ######       1%          1    None
 Beastly Appendage        Tmut           ######       1%          1    None
 Confusing Touch          Hex            ######       1%          1    None
 Infusion                 Chrm           ####         1%          1    None
 Blink                    Tloc           N/A          1%          2    None
 Ensorcelled Hibernation  Hex/Ice        ######       1%          2    None
 Passwall                 Tmut/Erth      ########     1%          2    None
 Poisonous Vapours        Pois/Air       ######       1%          2    None
 Shroud of Golubria       Chrm/Tloc      ######....   1%          2    None
 Song of Slaying          Chrm           ######..     1%          2    None
 Sticks to Snakes         Tmut           ######..     1%          2    None
 Swiftness                Chrm/Air       #######.     1%          2    None
 Call Canine Familiar     Summ           ########     1%          3    None
 Gell's Gravitas          Tloc           ######....   1%          3    None
 Ignite Poison            Fire/Tmut/Pois ########     1%          3    None
 Lesser Beckoning         Tloc           ######....   1%          3    None
 Ozocubu's Armour         Chrm/Ice       #######.     1%          3    None
 Portal Projectile        Hex/Tloc       ######       1%          3    None
 Recall                   Summ/Tloc      N/A          1%          3    None
 Regeneration             Chrm/Necr      #######...   1%          3    None
 Spectral Weapon          Hex/Chrm       ######..     1%          3    None
 Summon Guardian Golem    Hex/Summ       #######.     1%          3    None
 Teleport Other           Tloc           ######..     1%          3    None
 Vampiric Draining        Necr           ########..   1%          3    None
 Airstrike                Air            ########..   1%          4    None
 Force Lance              Conj/Tloc      ########     1%          4    None
 Ice Form                 Ice/Tmut       #######.     1%          4    None
 Leda's Liquefaction      Hex/Erth       ########..   1%          4    None
 Olgreb's Toxic Radiance  Pois           #######.     1%          4    None
 Petrify                  Tmut/Erth      ########     1%          4    None
 Summon Ice Beast         Ice/Summ       ########     1%          4    None
 Summon Lightning Spire   Summ/Air       ########     1%          4    None
 Excruciating Wounds      Chrm/Necr      #######...   1%          5    None
 Irradiate                Conj/Tmut      ########..   1%          5    None
 Iskenderun's Battlesphe  Conj/Chrm      ########     1%          5    None
 Lee's Rapid Deconstruct  Erth           ########..   1%          5    None
 Lightning Bolt           Conj/Air       ########..   1%          5    None
 Metabolic Englaciation   Hex/Ice        #######...   1%          5    None
 Summon Forest            Summ/Tloc      #######...   1%          5    None
 Summon Mana Viper        Hex/Summ       #######.     1%          5    None
 Venom Bolt               Conj/Pois      ########..   1%          5    None
 Conjure Ball Lightning   Conj/Air       ########..   1%          6    None
 Death Channel            Necr           ########..   1%          6    None
 Iron Shot                Conj/Erth      ########..   1%          6    None
 Ozocubu's Refrigeration  Ice            ########..   1%          6    None
 Shadow Creatures         Summ           N/A          1%          6    None
 Simulacrum               Ice/Necr       ########..   1%          6    None
 Passage of Golubria      Tloc           N/A          2%          4    None
 Silence                  Hex/Air        #######...   2%          5    None
 Statue Form              Tmut/Erth      ########.    2%          6    None
 Alistair's Intoxication  Tmut/Pois      #######.     3%          5    None
 Darkness                 Hex            ######....   38%         6    None
 Dispersal                Tloc           ######....   38%         6    None
 Hydra Form               Tmut           ######....   38%         6    None
 Invisibility             Hex            ######..     38%         6    None
 Ring of Flames           Chrm/Fire      ########..   3%          7    None
 Monstrous Menagerie      Summ           ########..   9%          7    None
 Summon Greater Demon     Summ           ########..   9%          7    None
 Summon Hydra             Summ           ########..   9%          7    None
 Malign Gateway           Summ/Tloc      #######...   41%         7    None
 Summon Horrible Things   Summ           ########..   56%         8    None
 Dragon Form              Tmut           ######....   93%         7    None
 Controlled Blink         Tloc           N/A          100%        8    None
 Disjunction              Tloc           ######....   100%        8    None


Dungeon Overview and Level Annotations

Branches:
Dungeon (15/15)            Temple (0/1) D:7            Lair (6/6) D:9
  Swamp (4/4) Lair:2       Spider (4/4) Lair:4        Slime (5/5) Lair:6
    Orc (2/2) D:9             Elf (3/3) Orc:2        Vaults (5/5) D:13
  Crypt (0/3) Vaults:2     Depths (5/5) D:15            Zot (5/5) Depths:5

Altars:
Ashenzari
Elyvilon
Fedhas
Gozag
Hepliaklqana
Kikubaaqudgha
Makhleb
Okawaru
Qazlal
Ru
Sif Muna
Trog
Vehumet
Xom
The Shining One
Beogh

Shops:
D:4 *   D:9 :}[   D:10 :   D:11 !   Orc:1 ?   Orc:2 ((:*   Vaults:1 :
Vaults:4 }

Portals:
Hell: Depths:1 Depths:2 Depths:3 Depths:4 Depths:5
Abyss: Depths:4
Pandemonium: Depths:3 Depths:5
Ziggurat: Depths:1

Annotations:
D:8 Grum
Lair:1 exclusion: oklob plant
Lair:2 exclusion: oklob plant
Lair:5 3 runed doors, Fupneiwu's ghost, journeyman FoFi
Elf:1 Need Shatter


Innate Abilities, Weirdness & Mutations

You have a beak for a mouth.
You can translocate small distances at will.
Armour fits poorly on your strangely shaped body.
You are resistant to electric shocks. (rElec)
You expend magic power (3 MP) to strengthen your wands.


Message History

Unknown command.
Unknown command.
Unknown command.
You feel much better.
You are no longer corroded.
Vehumet accepts your kill.
You feel a bit more experienced.
The Killer Klown is engulfed in blazing flames.
The Killer Klown wrestles you!!!
* * * LOW HITPOINT WARNING * * *
You writhe in agony.
* * * LOW HITPOINT WARNING * * *
The orb of fire emits a lurid red light.
The bolt of fire hits your red draconian shifter.
Your red draconian shifter resists.
The yellow draconian scorcher points at you and mumbles some strange words.
The bolt of fire misses you.
The Killer Klown is engulfed in blazing flames.
The Killer Klown hits you!!
You die...

..▓▓.............
..▓..........*..
.......^.......
.▓.vv.q°...q...
▓Xvvv☼..q§d...
▓.°○v○○..d....
▓.v☼XD........
▓▓☼☼p.†.......
▓▓▓X@........
▓▓▓▓...... ▓▓▓▓▓▓


You could see an orb of fire, a Killer Klown (berserk), a green draconian monk,
3 Orb Guardians, a yellow draconian scorcher, a friendly golden dragon
(berserk), 2 friendly draconians, a friendly red draconian shifter and 7
friendly fire vortices.

Vanquished Creatures
  the Royal Jelly (Slime:5)
  2 orbs of fire
  2 ancient liches
  Sojobo (Vaults:3)
  the Lernaean hydra (Swamp:4)
  3 caustic shrikes (Depths:5)
  A curse toe (Zot:4)
  A Killer Klown (Zot:5)
  Xtahua (Depths:3)
  10 golden dragons
  Jory (Depths:3)
  Nikola (Swamp:4)
  An electric golem (Zot:4)
  11 Orb Guardians (Zot:5)
  13 tentacled monstrosities
  2 deep elf master archers (Elf:3)
  3 titans
  A lich (Depths:3)
  6 quicksilver dragons
  21 acid blobs
  Gastronok (Lair:2)
  5 death cobs
  2 sphinxes
  10 storm dragons
  5 shadow dragons
  9 tengu reavers
  A thorn hunter (Swamp:1)
  4 fire giants
  19 azure jellies
  A draconian monk (Zot:5)
  2 revenants (Vaults:2)
  A balrug (Depths:1)
  4 draconian knights
  6 deep elf sorcerers
  7 frost giants
  An iron dragon (shapeshifter) (Depths:3)
  An orc warlord (D:14)
  3 emperor scorpions
  6 draconian scorchers
  12 vault wardens
  8 ghost moths
  4 draconian stormcallers
  5 spriggan defenders
  3 deep elf elementalists
  9 ironheart preservers
  2 draconian shifters
  5 entropy weavers
  18 very ugly things
  A war gargoyle (Vaults:5)
  2 draconian annihilators
  21 stone giants
  6 vampire knights
  The ghost of YoungGLord the Earth Mage, a journeyman GrEE of Vehumet (D:14)
  8 green draconians
  6 deep elf demonologists (Elf:3)
  3 deep elf annihilators
  A lorocyproca (Depths:3)
  4 black draconians
  10 white draconians
  8 yellow draconians
  3 purple draconians
  11 spark wasps
  8 dire elephants (Depths:4)
  11 deep elf death magi
  5 red draconians
  18 ettins
  8 death oozes
  2 jiangshi (Depths:2)
  9 fire dragons
  10 great orbs of eyes
  7 deep elf high priests
  12 yaktaur captains
  25 vault guards
  4 rakshasas
  13 ice dragons
  3 spriggan air magi
  Harold (Orc:1)
  6 centaur warriors
  12 hydras
  An alligator (shapeshifter) (Depths:3)
  Erica (D:11)
  A ghost crab (Swamp:2)
  7 death yaks
  20 ogre magi
  24 dancing weapons
  31 two-headed ogres
  3 death knights
  A catoblepas (D:14)
  8 tengu warriors
  7 deep troll shamans
  6 deep troll earth magi
  10 alligators
  2 vampire magi (Depths:2)
  4 spriggan berserkers
  A small abomination (Vaults:5)
  Sonja (Lair:1)
  20 deep elf knights
  Nergalle (Orc:1)
  7 orc high priests
  2 hell knights
  2 sun demons (Depths:1)
  2 iron trolls
  A storm dragon skeleton (Vaults:4)
  20 deep trolls
  A shadow wraith (Vaults:3)
  6 skeletal warriors
  A spark wasp zombie (Depths:4)
  A sea snake (shapeshifter) (Vaults:5)
  4 swamp dragons
  A swamp dragon (shapeshifter) (Depths:2)
  6 unseen horrors
  13 ironbrand convokers
  5 phantasmal warriors
  6 glowing orange brains
  2 wizards
  3 flayed ghosts
  A glowing orange brain (shapeshifter) (Vaults:5)
  19 deep elf archers
  A lindwurm (Lair:4)
  5 necromancers
  Pikel (D:7)
  An orange crystal statue (Depths:5)
  67 deep elf magi
  A tengu zombie (Depths:3)
  33 ugly things
  19 orc knights
  32 wolf spiders
  6 harpies (Vaults:4)
  2 salamanders (Depths:2)
  A tengu skeleton (Depths:4)
  11 orb spiders
  2 orc sorcerers
  A human zombie (Vaults:4)
  2 oklob plants (Lair:4)
  A manticore (shapeshifter) (Vaults:5)
  3 orb spiders (shapeshifter)
  16 cyclopes
  18 moths of wrath
  A manticore (D:12)
  11 shining eyes
  A frost giant skeleton (Depths:3)
  5 elephants
  2 centaur zombies
  2 black mambas (shapeshifter)
  14 vault sentinels
  A stone giant skeleton (Vaults:4)
  Joseph (D:8)
  3 torpor snails
  4 black mambas
  Maurice (D:8)
  A smoke demon (Depths:3)
  An orange demon (Depths:3)
  A spectral swamp worm (Depths:5)
  A guardian serpent (shapeshifter) (Vaults:2)
  4 spiny frogs
  5 eyes of devastation
  A kobold demonologist (D:14)
  38 yaktaurs
  2 rime drakes
  3 komodo dragons
  5 demonic crawlers
  An ice devil (Depths:3)
  A hellwing (Depths:3)
  4 freezing wraiths
  A golden dragon simulacrum (Depths:3)
  An elf skeleton (Depths:4)
  A red devil (Depths:3)
  29 jumping spiders
  5 tengu conjurers
  10 tyrant leeches
  6 meliai
  A wolf spider simulacrum (D:14)
  2 queen bees
  5 trolls
  A queen bee (shapeshifter) (Vaults:4)
  A hornet (shapeshifter) (Depths:4)
  A jumping spider (shapeshifter) (Depths:3)
  9 blink frogs
  A snapping turtle (shapeshifter) (Vaults:4)
  5 bog bodies
  2 blink frogs (shapeshifter)
  A raiju (shapeshifter) (Vaults:4)
  19 hornets
  A frost giant simulacrum (Depths:4)
  125 slime creatures
  9 hippogriffs
  A redback (shapeshifter) (Elf:1)
  A spriggan (shapeshifter) (Depths:5)
  2 shadows
  2 tarantellas (shapeshifter)
  2 air elementals (Elf:2)
  7 wyverns
  3 fire elementals
  47 yaks
  22 tarantellas
  8 wraiths
  5 spriggans
  7 water elementals
  29 redbacks
  A vampire (D:13)
  Eustachio (D:6)
  3 basilisks
  19 golden eyes
  A steam dragon (Lair:6)
  2 golden eyes (shapeshifter)
  10 vampire mosquitoes
  7 wargs
  2 hungry ghosts
  4 insubstantial wisps
  9 swamp worms
  11 water moccasins
  A soldier ant (D:15)
  2 water moccasins (shapeshifter)
  2 floating eyes
  4 acid dragons
  Duvessa (D:6)
  2 deep troll skeletons (Vaults:4)
  10 porcupines
  7 swamp drakes
  50 orc warriors
  A black bear (D:6)
  5 ice beasts
  A slave (D:7)
  A sky beast (D:7)
  An ogre (shapeshifter) (Vaults:1)
  4 boggarts (Vaults:2)
  17 wolves
  5 eyes of draining
  50 ogres
  23 centaurs
  A big kobold (D:12)
  12 crocodiles
  2 earth elementals (Elf:1)
  A wyvern zombie (D:10)
  21 bullfrogs
  2 glowing shapeshifter simulacra
  Dowan (D:6)
  45 killer bees
  4 scorpions
  3 wights (D:12)
  3 human simulacra
  4 howler monkeys
  An electric eel (Orc:1)
  A bullfrog zombie (D:6)
  4 crimson imps
  6 hounds
  3 quasits
  5 bullfrog skeletons
  38 orc priests
  4 centaur skeletons
  A gnoll shaman (D:4)
  7 jellies
  25 orc wizards
  5 iguanas
  10 worker ants
  A hound skeleton (D:4)
  A hound zombie (D:9)
  A worker ant zombie (D:5)
  A howler monkey skeleton (D:9)
  2 gnolls (Orc:2)
  7 adders
  5 shadow imps
  An adder zombie (D:7)
  An adder skeleton (D:9)
  4 worms
  15 dart slugs
  3 leopard geckos
  130 orcs
  4 bats
  3 giant cockroaches
  12 goblins
  5 hobgoblins
  14 jackals
  10 quokkas
  2 ball pythons
  3 frilled lizards
  9 kobolds
  A leopard gecko skeleton (D:4)
  7 rats
  3 bushes
  A butterfly (Lair:6)
  8 crawling corpses
  A fire vortex (Slime:2)
  2 fungi
  12 plants
2172 creatures vanquished.

Vanquished Creatures (collateral kills)
  Mennas (Vaults:3)
  Frederick (Vaults:2)
  A caustic shrike (Depths:5)
  2 golden dragons
  Arachne (Spider:3)
  A hellephant (Depths:4)
  An electric golem (Zot:5)
  2 liches
  2 tentacled monstrosities
  A titan (Vaults:5)
  2 Orb Guardians (Zot:5)
  A death cob (Zot:5)
  3 deep elf blademasters
  6 acid blobs
  7 shadow dragons
  A sphinx (Depths:2)
  A thorn hunter (Swamp:4)
  Agnes (Spider:1)
  5 storm dragons
  2 tengu reavers
  2 fire giants
  3 vault wardens (Vaults:5)
  A frost giant (Vaults:3)
  An orc warlord (Vaults:3)
  2 azure jellies
  A deep elf sorcerer (Elf:3)
  A juggernaut zombie (Depths:4)
  An emperor scorpion (Spider:4)
  A draconian annihilator (Zot:5)
  A draconian shifter (Depths:5)
  4 ironheart preservers
  A deep elf elementalist (Elf:3)
  3 very ugly things
  4 stone giants
  A vampire knight (Depths:2)
  A black draconian (Zot:1)
  A deep elf demonologist (Elf:3)
  2 red draconians
  3 green draconians (Zot:2)
  8 deep elf annihilators
  A white draconian (Zot:3)
  2 spark wasps
  6 dire elephants (Depths:4)
  A purple draconian (Zot:3)
  3 yellow draconians
  An ettin (Depths:3)
  2 deep elf high priests
  Josephine (Swamp:1)
  5 yaktaur captains
  2 fire dragons (Depths:5)
  3 death oozes (Slime:5)
  A great orb of eyes (Depths:4)
  3 vault guards
  10 hydras
  A spriggan air mage (Depths:4)
  A rakshasa (Vaults:3)
  16 two-headed ogres
  A death knight (Vaults:4)
  An alligator (Swamp:2)
  4 ogre magi
  A centaur warrior (Depths:4)
  A death yak (Lair:5)
  2 tengu warriors
  8 dancing weapons
  A deep troll earth mage (Depths:2)
  A titan zombie (Depths:4)
  3 deep troll shamans
  2 orc high priests
  An iron troll (Depths:5)
  3 deep elf knights (Elf:2)
  11 swamp dragons
  8 deep trolls
  A phantasmal warrior (Vaults:5)
  2 glowing orange brains
  4 deep elf archers
  4 orc knights
  2 necromancers
  2 harpies (Vaults:4)
  4 orb spiders (Spider:4)
  11 wolf spiders
  A salamander (shapeshifter) (Vaults:4)
  A shining eye (Slime:1)
  19 ugly things
  13 deep elf magi
  3 moths of wrath
  32 slime creatures
  3 cyclopes
  An elf zombie (Depths:3)
  3 vault sentinels
  An eye of devastation (Slime:3)
  A spiny frog (shapeshifter) (Elf:1)
  4 spectral swamp worms (Depths:5)
  2 spiny frogs
  An elf skeleton (Depths:4)
  10 yaktaurs
  2 komodo dragons
  2 rime drakes
  A tengu conjurer (Vaults:2)
  2 trolls
  2 demonic crawlers (Spider:4)
  3 tyrant leeches
  12 jumping spiders
  A hornet (Swamp:1)
  7 blink frogs (Lair:6)
  A bog body (Swamp:1)
  15 redbacks (Spider:4)
  A fire giant simulacrum (Depths:4)
  A water elemental (Depths:3)
  6 yaks
  4 tarantellas (Spider:4)
  2 wraiths (Swamp:1)
  5 wyverns
  2 basilisks
  A human simulacrum (Vaults:4)
  3 golden eyes (Slime:5)
  A steam dragon (Lair:6)
  7 vampire mosquitoes
  A warg (Vaults:4)
  6 insubstantial wisps
  9 swamp worms
  2 water moccasins
  2 porcupines (Lair:2)
  18 orc warriors
  6 swamp drakes
  11 ogres
  A boggart (Depths:2)
  A wolf (Lair:3)
  4 centaurs
  2 crocodiles (Lair:6)
  4 killer bees
  10 orc priests
  3 orc wizards
  2 gnolls (Orc:2)
  16 orcs
  2 crawling corpses
  4 fire vortices
  6 fungi
  3 plants
510 creatures vanquished.

Vanquished Creatures (others)
  A draconian knight (Zot:3)
  A deep elf high priest (Elf:1)
  A centaur warrior (D:14)
  A deep elf knight (Elf:1)
  A deep troll (Depths:5)
  A deep elf archer (Elf:2)
  A cyclops (Orc:1)
  A human zombie (Vaults:4)
  2 yaktaurs
  A jumping spider (Spider:4)
  A slave (D:7)
  2 centaurs
  A bullfrog (D:7)
  An orc priest (D:7)
  An orc wizard (D:10)
  2 orcs
  188 fire vortices
  98 fungi
  136 plants
  3 toadstools (D:1)
444 creatures vanquished.

Grand Total: 3126 creatures vanquished

Notes
Turn   | Place    | Note
-------+----------+-------------------------------------------
     0 | D:1      | Napalmbreeze the Deep Elf Fire Elementalist began the quest
                  | for the Orb.
     0 | D:1      | Reached XP level 1. HP: 10/10 MP: 6/6
   225 | D:1      | Reached XP level 2. HP: 15/15 MP: 4/8
   359 | D:1      | Learned a level 2 spell: Throw Flame
   600 | D:1      | Reached XP level 3. HP: 19/19 MP: 7/10
   777 | D:1      | Learned a level 3 spell: Conjure Flame
  1062 | D:2      | Found a deep blue altar of Sif Muna.
  1488 | D:2      | Reached XP level 4. HP: 21/24 MP: 2/11
  1555 | D:2      | Reached skill level 4 in Spellcasting
  1730 | D:2      | Found a shimmering altar of Xom.
  1917 | D:3      | Learned a level 4 spell: Sticky Flame
  2382 | D:3      | You fall through a shaft for 2 floors!
  2382 | D:5      | Entered Level 5 of the Dungeon
  2409 | D:5      | Reached XP level 5. HP: 23/28 MP: 7/13
  2661 | D:5      | Reached XP level 6. HP: 32/32 MP: 6/15
  2663 | D:5      | Reached skill level 5 in Spellcasting
  2671 | D:5      | Reached skill level 5 in Conjurations
  2785 | D:5      | Learned a level 5 spell: Fireball
  3001 | D:5      | Noticed an ice beast
  3009 | D:5      | Killed an ice beast
  3009 | D:5      | Reached skill level 5 in Fire Magic
  3233 | D:3      | Reached XP level 7. HP: 10/36 MP: 7/17
  3848 | D:4      | Found a sacrificial altar of Ru.
  3989 | D:4      | Reached skill level 6 in Spellcasting
  4184 | D:4      | Found Mageumm's General Store.
  4192 | D:4      | Bought a scroll of identify for 26 gold pieces
  4727 | D:4      | Found a radiant altar of Vehumet.
  4729 | D:4      | Reached XP level 8. HP: 41/41 MP: 10/20
  4738 | D:4      | Became a worshipper of Vehumet
  4742 | D:4      | Found a hazy altar of Hepliaklqana.
  4747 | D:4      | Found a bloodstained altar of Trog.
  5291 | D:5      | Reached skill level 7 in Spellcasting
  5677 | D:6      | Noticed Eustachio
  5682 | D:6      | Killed Eustachio
  6162 | D:6      | Noticed Duvessa
  6164 | D:6      | Noticed Dowan
  6166 | D:6      | Killed Dowan
  6166 | D:6      | Reached skill level 8 in Spellcasting
  6172 | D:6      | Killed Duvessa
  6279 | D:6      | Got a steaming leather armour
  6290 | D:6      | Identified the cursed +0 leather armour of Nemelex Xobeh's
                  | Esteem {rC+} (You found it on level 6 of the Dungeon)
  6392 | D:6      | Found a stormy altar of Qazlal.
  6409 | D:6      | Found a sacrificial altar of Ru.
  6501 | D:7      | Reached XP level 9. HP: 45/45 MP: 17/23
  6561 | D:7      | Found an iron altar of Okawaru.
  6610 | D:7      | Reached skill level 1 in Evocations
  6622 | D:7      | Reached * piety under Vehumet
  6622 | D:7      | Offered knowledge of Sandblast by Vehumet.
  6764 | D:7      | Reached skill level 1 in Fighting
  6867 | D:7      | Noticed Pikel
  6885 | D:7      | Killed Pikel
  7033 | D:7      | Found a glowing golden altar of the Shining One.
  7076 | D:7      | Found a staircase to the Ecumenical Temple.
  7116 | D:7      | Found a shattered altar of Ashenzari.
  7401 | D:7      | Found a burning altar of Makhleb.
  7502 | D:7      | Reached skill level 10 in Conjurations
  7545 | D:7      | Found a burning altar of Makhleb.
  7650 | D:7      | Reached skill level 9 in Spellcasting
  8068 | D:8      | Noticed Joseph
  8070 | D:8      | Killed Joseph
  8070 | D:8      | Reached XP level 10. HP: 34/54 MP: 8/25
  8078 | D:8      | Noticed Grum
  8251 | D:8      | Found an opulent altar of Gozag.
  8358 | D:8      | Reached ** piety under Vehumet
  8362 | D:8      | Offered knowledge of Sting by Vehumet.
  8405 | D:8      | Reached skill level 5 in Dodging
  8490 | D:8      | Noticed Maurice
  8493 | D:8      | Killed Maurice
  8655 | D:8      | Found an ancient bone altar of Kikubaaqudgha.
  8906 | D:9      | Found Vubi's Gadget Boutique.
  9101 | D:9      | Reached skill level 10 in Spellcasting
  9346 | D:9      | Found Iwkirpheu's Antique Armour Shop.
  9362 | D:9      | Bought a pair of runed boots for 240 gold pieces
  9367 | D:9      | Identified a +2 pair of boots of running (You bought it in
                  | a shop on level 9 of the Dungeon)
  9381 | D:9      | Reached skill level 5 in Evocations
  9597 | D:9      | Found a staircase to the Lair.
  9606 | D:9      | Found Ytzuetea's Book Shoppe.
  9709 | D:9      | Found a staircase to the Orcish Mines.
  9783 | D:10     | Entered Level 10 of the Dungeon
  9894 | D:10     | Offered knowledge of Dazzling Spray by Vehumet.
 10093 | D:10     | Learned a level 4 spell: Animate Dead
 10107 | D:10     | Noticed a two-headed ogre
 10114 | D:10     | Killed a two-headed ogre
 10114 | D:10     | Reached skill level 1 in Necromancy
 10114 | D:10     | Reached XP level 11. HP: 61/61 MP: 15/27
 10290 | D:10     | Reached *** piety under Vehumet
 10316 | D:10     | Found Hergha Juivu's Book Boutique.
 10673 | Lair:1   | Entered Level 1 of the Lair of Beasts
 10863 | Lair:1   | HP: 3/62 [crocodile (16)]
 11164 | Lair:1   | Offered knowledge of Olgreb's Toxic Radiance by Vehumet.
 11173 | Lair:1   | Learned a level 4 spell: Olgreb's Toxic Radiance
 11263 | Lair:1   | Noticed an oklob plant
 11273 | Lair:1   | Noticed Sonja
 11276 | Lair:1   | Killed Sonja
 11276 | Lair:1   | Reached skill level 11 in Spellcasting
 11641 | Lair:1   | Reached skill level 5 in Fighting
 11923 | Lair:1   | Reached skill level 10 in Fire Magic
 12802 | Lair:2   | Found a gate leading to a gauntlet.
 12815 | Lair:2   | Noticed Gastronok
 12834 | Lair:2   | Reached **** piety under Vehumet
 12834 | Lair:2   | Reached skill level 5 in Necromancy
 12834 | Lair:2   | Reached XP level 12. HP: 68/68 MP: 14/29
 13083 | Lair:2   | Killed Gastronok
 13083 | Lair:2   | Reached skill level 12 in Spellcasting
 13351 | Lair:2   | Offered knowledge of Yara's Violent Unravelling by Vehumet.
 13460 | Lair:2   | Found a staircase to the Swamp.
 13504 | Lair:2   | Found a blossoming altar of Fedhas.
 13896 | Lair:3   | Noticed a death yak
 13897 | Lair:3   | Noticed a death yak
 13897 | Lair:3   | Noticed a death yak
 13898 | Lair:3   | Noticed a death yak
 13914 | Lair:3   | Killed a death yak
 13928 | Lair:3   | Killed a death yak
 13928 | Lair:3   | Noticed a death yak
 14065 | Lair:3   | Noticed a death yak
 14154 | Lair:3   | Noticed a seven-headed hydra
 14157 | Lair:3   | Killed a seven-headed hydra
 14164 | Lair:3   | Noticed a four-headed hydra
 14167 | Lair:3   | Killed a four-headed hydra
 14466 | Lair:3   | Got an ivory mace
 14894 | Lair:3   | Killed a death yak
 14904 | Lair:3   | Killed a death yak
 14908 | Lair:3   | Killed a death yak
 14908 | Lair:3   | Reached skill level 10 in Dodging
 14908 | Lair:3   | Reached skill level 13 in Spellcasting
 14916 | Lair:3   | Killed a death yak
 15390 | Lair:4   | Reached XP level 13. HP: 76/76 MP: 20/32
 15394 | Lair:4   | Reached ***** piety under Vehumet
 15394 | Lair:4   | Offered knowledge of Iskenderun's Battlesphere by Vehumet.
 15461 | Lair:4   | Found a hole to the Spider Nest.
 15773 | Lair:4   | Reached skill level 14 in Spellcasting
 16346 | Lair:4   | Reached skill level 1 in Poison Magic
 16928 | Lair:5   | Found a runed gate.
 16929 | Lair:5   | Found a runed gate.
 16929 | Lair:5   | Noticed Fupneiwu's ghost (journeyman FoFi)
 16930 | Lair:5   | Found a runed gate.
 17377 | Lair:5   | Learned a level 5 spell: Borgnjor's Vile Clutch
 17396 | Lair:5   | Found a white marble altar of Elyvilon.
 17911 | Lair:6   | Entered Level 6 of the Lair of Beasts
 17991 | Lair:6   | Reached skill level 1 in Earth Magic
 18008 | Lair:6   | Offered knowledge of Bolt of Magma by Vehumet.
 18329 | Lair:6   | Found a staircase to the Slime Pits.
 18798 | Lair:6   | Noticed a fire dragon
 19069 | Lair:6   | Killed a fire dragon
 19563 | D:10     | Bought a book of Clouds for 540 gold pieces
 19570 | D:10     | Learned a level 6 spell: Freezing Cloud
 19612 | D:11     | Reached skill level 15 in Spellcasting
 19618 | D:11     | Reached skill level 1 in Ice Magic
 19623 | D:11     | Reached XP level 14. HP: 84/84 MP: 15/35
 19895 | D:11     | Found Ysugug's Distillery.
 19903 | D:11     | Bought a potion of magic for 96 gold pieces
 19903 | D:11     | Bought a potion of curing for 36 gold pieces
 19903 | D:11     | Bought a potion of agility for 48 gold pieces
 19903 | D:11     | Bought a potion of agility for 48 gold pieces
 19903 | D:11     | Bought a potion of lignification for 36 gold pieces
 20089 | D:11     | Found a radiant altar of Vehumet.
 20245 | D:11     | Noticed Erica
 20248 | D:11     | Killed Erica
 20771 | D:12     | Offered knowledge of Iron Shot by Vehumet.
 21529 | D:12     | Learned a level 6 spell: Iron Shot
 21634 | D:13     | Reached skill level 5 in Earth Magic
 21782 | D:13     | Reached skill level 1 in Shields
 22177 | D:13     | Found a gate to the Vaults.
 22749 | D:14     | Found a runed gate.
 22750 | D:14     | Found a runed gate.
 22750 | D:14     | Identified the cursed +1 chain mail "Wesawkisk" {Int+3}
 22750 | D:14     | Identified the +2 shield of Caex {Regen+ MP+9 Dex+4 Stlth+}
 22750 | D:14     | Noticed an orc warlord
 22750 | D:14     | Noticed YoungGLord's ghost (journeyman GrEE)
 22751 | D:14     | Found a runed gate.
 22838 | D:14     | Found a roughly hewn altar of Beogh.
 22896 | D:14     | Killed an orc warlord
 22902 | D:14     | Killed YoungGLord's ghost
 23517 | D:14     | Reached XP level 15. HP: 91/91 MP: 36/36
 23569 | D:14     | Got a shimmering cloak
 23575 | D:14     | Identified the +2 cloak "Ijump" {rPois SInv} (You found it
                  | on level 14 of the Dungeon)
 24170 | D:14     | Reached ****** piety under Vehumet
 24170 | D:14     | Reached skill level 1 in Air Magic
 24426 | D:15     | Entered Level 15 of the Dungeon
 24636 | D:15     | Reached skill level 5 in Ice Magic
 24840 | D:15     | Found a staircase to the Depths.
 24919 | D:15     | Offered knowledge of Bolt of Fire by Vehumet.
 25280 | D:15     | Reached XP level 16. HP: 96/96 MP: 24/37
 25566 | Orc:1    | Entered Level 1 of the Orcish Mines
 25734 | Orc:1    | Noticed Nergalle
 25742 | Orc:1    | Killed Nergalle
 26216 | Orc:1    | Reached skill level 10 in Fighting
 26239 | Orc:1    | Identified the Handbook of Cloudy Intoxication
 26515 | Orc:1    | Got a slimy trident
 26516 | Orc:1    | Identified the +10 trident of Eternal Vigilance {protect,
                  | *Drain rC+ MR+} (You found it on level 1 of the Orcish
                  | Mines)
 26696 | Orc:1    | Noticed Harold
 26700 | Orc:1    | Killed Harold
 26866 | Orc:1    | Found Yrubequrgh's Magic Scroll Shoppe.
 26873 | Orc:1    | Bought a scroll of remove curse for 45 gold pieces
 27047 | Orc:1    | Found a roughly hewn altar of Beogh.
 27175 | Orc:2    | Entered Level 2 of the Orcish Mines
 27178 | Orc:2    | Offered knowledge of Bolt of Cold by Vehumet.
 27502 | Orc:2    | Reached skill level 16 in Spellcasting
 27851 | Orc:2    | Offered knowledge of Ozocubu's Refrigeration by Vehumet.
 28109 | Orc:2    | Found Mianaoha's General Store.
 28109 | Orc:2    | Found Viwydeet's Book Shop.
 28110 | Orc:2    | Found Zixy's Antique Weapon Boutique.
 28110 | Orc:2    | Found Caoxzy Waxos's Weapon Shop.
 28130 | Orc:2    | Bought a book of Power for 675 gold pieces
 28138 | Orc:2    | Learned a level 7 spell: Orb of Destruction
 28281 | Orc:2    | Found a staircase to the Elven Halls.
 28643 | Swamp:1  | Entered Level 1 of the Swamp
 28643 | Swamp:1  | Noticed Josephine
 28643 | Swamp:1  | Noticed a thorn hunter
 28713 | Spider:1 | Entered Level 1 of the Spider Nest
 29045 | Spider:1 | Reached skill level 5 in Air Magic
 29311 | Spider:1 | You fall through a shaft!
 29917 | Spider:1 | Noticed Agnes
 29934 | Spider:1 | Killed Agnes
 30663 | Spider:2 | Offered knowledge of Poison Arrow by Vehumet.
 31570 | Spider:2 | You fall through a shaft!
 32037 | Spider:3 | Reached XP level 17. HP: 104/104 MP: 20/39
 32646 | Spider:3 | Reached skill level 17 in Spellcasting
 32761 | Spider:3 | Learned a level 7 spell: Spellforged Servitor
 32838 | Spider:3 | Noticed Arachne
 32846 | Spider:3 | Killed Arachne
 32846 | Spider:3 | Reached skill level 1 in Summonings
 33116 | Spider:4 | Entered Level 4 of the Spider Nest
 33968 | Spider:4 | Reached skill level 5 in Summonings
 33998 | Spider:4 | Offered knowledge of Lehudib's Crystal Spear by Vehumet.
 33998 | Spider:4 | Offered knowledge of Fire Storm by Vehumet.
 33998 | Spider:4 | Offered knowledge of Tornado by Vehumet.
 35222 | Spider:4 | Got a gossamer rune of Zot
 35592 | Swamp:1  | Killed Josephine
 37211 | Swamp:2  | Reached XP level 18. HP: 112/112 MP: 31/41
 37954 | Swamp:3  | Reached skill level 15 in Conjurations
 38310 | Swamp:4  | Entered Level 4 of the Swamp
 39624 | Swamp:4  | Noticed the 27-headed Lernaean hydra
 39632 | Swamp:4  | Killed the 27-headed Lernaean hydra
 39741 | Swamp:4  | Got a decaying rune of Zot
 39925 | Swamp:4  | Noticed Nikola
 39945 | Swamp:4  | Killed Nikola
 40703 | Elf:1    | Entered Level 1 of the Elven Halls
 41185 | Elf:1    | Reached skill level 18 in Spellcasting
 41722 | Elf:1    | Identified the ring "Zuur" {*Drain +Fly rN+ Stlth-}
 41862 | Elf:1    | Identified the cursed +2 mace of Tortfeasance {drain, -Tele
                  | rElec Str+5} (You found it on level 3 of the Lair of
                  | Beasts)
 41866 | Elf:1    | Identified a scroll of acquirement
 41870 | Elf:1    | Got a slimy cloak
 41882 | Elf:1    | Identified the +1 cloak of a Thousand Songs {*Slow rF+ rC+
                  | Int+5} (You acquired it on level 1 of the Elven Halls)
 42642 | D:11     | Bought a potion of invisibility for 96 gold pieces
 43312 | Elf:2    | Reached skill level 19 in Spellcasting
 43633 | Elf:2    | Found a runed gate.
 43635 | Elf:2    | Found a runed gate.
 43638 | Elf:2    | Found a runed gate.
 43686 | Elf:2    | Reached XP level 19. HP: 117/117 MP: 37/44
 44934 | Elf:3    | Entered Level 3 of the Elven Halls
 45155 | Elf:3    | Reached skill level 20 in Spellcasting
 45504 | Elf:3    | Identified the ring "Deom" {+Inv +Fly rC- Stlth+}
 45504 | Elf:3    | Identified the +9 morningstar of Evil {freeze, -Tele rPois
                  | Dex+2}
 45504 | Elf:3    | Identified the ring "Ampur" {rElec rC++ MR+}
 46869 | Elf:3    | Identified the +2 scale mail of the Tired Beds {rF+ Str+2}
 47782 | Elf:3    | Identified the amulet "Lafupp" {rF++ Regen+ Slay-4}
 47782 | Elf:3    | Identified the amulet of Xom's Recklessness {Reflect Dex+2
                  | SH+4}
 48169 | Elf:3    | Identified the cursed +2 spear of Drought {pierce, rElec}
 48287 | Elf:3    | Identified the Papyrus of Ashen Boosts
 48290 | Elf:3    | Got a translucent ivory amulet
 48291 | Elf:3    | Identified the amulet of Haika {Inacc Int+2} (You found it
                  | on level 3 of the Elven Halls)
 48741 | D:13     | Learned a level 9 spell: Fire Storm
 48742 | Vaults:1 | Entered Level 1 of the Vaults
 48803 | Vaults:1 | Got a pitted helmet
 48821 | Vaults:1 | Identified the +0 helmet of the Loofah {*Contam rElec rF++
                  | Slay+2} (You found it on level 1 of the Vaults)
 49012 | Vaults:1 | Reached XP level 20. HP: 95/123 MP: 31/46
 49833 | Vaults:1 | Found Fomed's Book Boutique.
 49944 | Vaults:1 | Reached skill level 15 in Fire Magic
 51259 | Vaults:2 | Noticed Frederick
 51263 | Vaults:2 | Found a staircase to the Crypt.
 51295 | Vaults:2 | Killed Frederick
 51945 | Vaults:2 | Found Feuleneq's Food Boutique.
 51954 | Vaults:2 | Bought a ration for 50 gold pieces
 51954 | Vaults:2 | Bought a ration for 50 gold pieces
 51954 | Vaults:2 | Bought a ration for 50 gold pieces
 51954 | Vaults:2 | Bought a ration for 50 gold pieces
 51954 | Vaults:2 | Bought a ration for 50 gold pieces
 51954 | Vaults:2 | Bought a ration for 50 gold pieces
 51954 | Vaults:2 | Bought a ration for 50 gold pieces
 51954 | Vaults:2 | Bought a ration for 50 gold pieces
 51954 | Vaults:2 | Bought a ration for 50 gold pieces
 51954 | Vaults:2 | Bought a ration for 50 gold pieces
 51954 | Vaults:2 | Bought a ration for 50 gold pieces
 52451 | Vaults:2 | Found a radiant altar of Vehumet.
 52460 | Vaults:2 | Found the +3 robe of Folly {Archmagi, MR-- Int+5}
 53582 | Vaults:3 | Identified the cursed -3 large shield of Xymnyfy {Str+7
                  | Stlth+}
 53582 | Vaults:3 | Noticed Mennas
 54385 | Vaults:3 | Reached XP level 21. HP: 128/128 MP: 22/47
 54410 | Vaults:3 | Noticed Sojobo
 54415 | Vaults:3 | Killed Sojobo
 55028 | Vaults:3 | Killed Mennas
 56027 | Vaults:4 | Reached skill level 5 in Shields
 58314 | Vaults:4 | Found Utest's Gadget Shoppe.
 58321 | Vaults:4 | Bought a wand of scattershot (6) for 420 gold pieces
 58321 | Vaults:4 | Bought a wand of acid (4) for 224 gold pieces
 58321 | Vaults:4 | Bought a box of beasts for 280 gold pieces
 58384 | Vaults:5 | Entered Level 5 of the Vaults
 58713 | Vaults:5 | Reached XP level 22. HP: 124/133 MP: 45/48
 59158 | Vaults:5 | Noticed a golden dragon
 59437 | Vaults:4 | Killed a golden dragon
 59678 | Vaults:5 | Noticed an ancient lich
 59681 | Vaults:5 | Killed an ancient lich
 59681 | Vaults:5 | Reached skill level 10 in Shields
 60798 | Vaults:5 | Identified the Disquisition on Sinister Rites and Changing
 61605 | Vaults:5 | Identified the ring "Tud Woist" {rCorr rPois}
 62324 | Vaults:5 | Got a glittering garnet amulet
 62325 | Vaults:5 | Identified the amulet of Yendor {Faith +Inv rC+ Stlth+}
                  | (You found it on level 5 of the Vaults)
 62388 | Vaults:5 | Got a silver rune of Zot
 63172 | Slime:1  | Entered Level 1 of the Pits of Slime
 63180 | Slime:1  | Gained mutation: Your spells are a little harder to cast,
                  | but a little more powerful. [a shining eye]
 63765 | Slime:1  | Reached XP level 23. HP: 138/138 MP: 44/49
 63766 | Slime:1  | Gained mutation: You tend to lose your temper in combat. [a
                  | shining eye]
 63961 | Lair:1   | Lost mutation: Your spells are a little harder to cast, but
                  | a little more powerful. [potion of mutation]
 63961 | Lair:1   | Lost mutation: You tend to lose your temper in combat.
                  | [potion of mutation]
 63961 | Lair:1   | Gained mutation: You are clumsy. (Dex -2) [potion of
                  | mutation]
 63961 | Lair:1   | Gained mutation: Your mind is acute. (Int +2) [potion of
                  | mutation]
 63961 | Lair:1   | Gained mutation: You are frail. (-10% HP) [potion of
                  | mutation]
 63961 | Lair:1   | Gained mutation: Your flesh is cold resistant. (rC+)
                  | [potion of mutation]
 64415 | Slime:2  | Gained mutation: You are weak. (Str -2) [a shining eye]
 66508 | Slime:5  | Entered Level 5 of the Pits of Slime
 66983 | Slime:5  | Noticed the Royal Jelly
 66991 | Slime:5  | Killed the Royal Jelly
 67205 | Slime:5  | Paralysed by a floating eye for 3 turns
 67407 | Slime:5  | Identified the Disquisition on Captivating Ignition
 67438 | Slime:5  | Got a slimy rune of Zot
 67452 | Slime:5  | Got a sparkling ivory ring
 67453 | Slime:5  | Identified the ring "Uzit" {rElec rF+} (You found it on
                  | level 5 of the Pits of Slime)
 67464 | Slime:5  | Lost mutation: You are frail. (-10% HP) [potion of
                  | mutation]
 67464 | Slime:5  | Lost mutation: You are clumsy. (Dex -2) [potion of
                  | mutation]
 67464 | Slime:5  | Lost mutation: Your flesh is cold resistant. (rC+) [potion
                  | of mutation]
 67464 | Slime:5  | Gained mutation: Your skin changes colour to match your
                  | surroundings (Stealth+). [potion of mutation]
 67464 | Slime:5  | Gained mutation: Scrolls take you a little longer to read.
                  | [potion of mutation]
 67464 | Slime:5  | Gained mutation: Your spells are a little harder to cast,
                  | but a little more powerful. [potion of mutation]
 67465 | Slime:5  | Lost mutation: You are weak. (Str -2) [potion of mutation]
 67465 | Slime:5  | Gained mutation: You expend magic power (3 MP) to
                  | strengthen your wands. [potion of mutation]
 67466 | Slime:5  | Lost mutation: Scrolls take you a little longer to read.
                  | [potion of mutation]
 67466 | Slime:5  | Lost mutation: Your mind is acute. (Int +2) [potion of
                  | mutation]
 67466 | Slime:5  | Lost mutation: Your skin changes colour to match your
                  | surroundings (Stealth+). [potion of mutation]
 67466 | Slime:5  | Gained mutation: You tend to lose your temper in combat.
                  | [potion of mutation]
 67466 | Slime:5  | Gained mutation: You can translocate small distances at
                  | will. [potion of mutation]
 67467 | Slime:5  | Lost mutation: Your spells are a little harder to cast, but
                  | a little more powerful. [potion of mutation]
 67467 | Slime:5  | Lost mutation: You expend magic power (3 MP) to strengthen
                  | your wands. [potion of mutation]
 67467 | Slime:5  | Lost mutation: You tend to lose your temper in combat.
                  | [potion of mutation]
 67467 | Slime:5  | Lost mutation: You can translocate small distances at will.
                  | [potion of mutation]
 67467 | Slime:5  | Gained mutation: You have large cloven feet. [potion of
                  | mutation]
 67467 | Slime:5  | Gained mutation: You can translocate small distances at
                  | will. [potion of mutation]
 67467 | Slime:5  | Gained mutation: You are frail. (-10% HP) [potion of
                  | mutation]
 67467 | Slime:5  | Gained mutation: You have a beak for a mouth. [potion of
                  | mutation]
 67468 | Slime:5  | Lost mutation: You are frail. (-10% HP) [potion of
                  | mutation]
 67468 | Slime:5  | Lost mutation: You have large cloven feet. [potion of
                  | mutation]
 67468 | Slime:5  | Gained mutation: You expend magic power (3 MP) to
                  | strengthen your wands. [potion of mutation]
 67468 | Slime:5  | Gained mutation: You are resistant to electric shocks.
                  | (rElec) [potion of mutation]
 67503 | Slime:5  | Got a translucent golden amulet
 67504 | Slime:5  | Identified the amulet "Wutu" {Spirit Int+7 Dex-4} (You
                  | found it on level 5 of the Pits of Slime)
 67505 | Slime:5  | Gained mutation: Armour fits poorly on your strangely
                  | shaped body. [mutagenic glow]
 67528 | Slime:5  | Got a shimmering flail
 67529 | Slime:5  | Identified the cursed +1 flail "Janlaxke" {crush, +Fly
                  | Int+3 Dex+4} (You found it on level 5 of the Pits of Slime)
 68177 | Depths:1 | Entered Level 1 of the Depths
 68759 | Depths:1 | Found a gateway to Hell.
 68765 | Depths:1 | Got a bone long sword
 68766 | Depths:1 | Identified the +7 long sword of Karma {freeze, -Tele rElec
                  | rPois Int+7} (You found it on level 1 of the Depths)
 68844 | Depths:1 | Reached skill level 21 in Spellcasting
 69132 | Depths:1 | Reached skill level 15 in Shields
 69134 | Depths:1 | Reached XP level 24. HP: 143/143 MP: 50/50
 69190 | Depths:1 | Found a gateway to a ziggurat.
 71146 | Depths:2 | Identified Enushruga's Grimoire of Shape Shifting and
                  | Weightlessness
 71480 | Depths:3 | Noticed Xtahua
 71483 | Depths:3 | Killed Xtahua
 71498 | Depths:3 | Noticed Jory
 71708 | Depths:3 | Killed Jory
 71942 | Depths:3 | Reached skill level 22 in Spellcasting
 71958 | Depths:3 | Found a one-way gate leading to the halls of Pandemonium.
 72687 | Depths:3 | Reached XP level 25. HP: 152/152 MP: 31/51
 73498 | Depths:4 | Found a one-way gate to the infinite horrors of the Abyss.
 74650 | Depths:4 | Reached skill level 15 in Fighting
 75395 | D:10     | Bought a book of the Earth for 780 gold pieces
 75405 | D:10     | Learned a level 9 spell: Shatter
 75561 | Orc:2    | Bought a book of the Warp for 1350 gold pieces
 75867 | Depths:4 | Learned a level 8 spell: Lehudib's Crystal Spear
 75868 | Depths:5 | Entered Level 5 of the Depths
 75875 | Depths:5 | Reached skill level 23 in Spellcasting
 77267 | Depths:5 | Found a gate to the Realm of Zot.
 77304 | Zot:1    | Entered Level 1 of the Realm of Zot
 77344 | Zot:1    | Reached skill level 10 in Earth Magic
 77555 | Zot:1    | Reached XP level 26. HP: 139/163 MP: 41/52
 77800 | Zot:1    | Noticed an orb of fire
 77803 | Zot:1    | Killed an orb of fire
 78345 | Zot:2    | Noticed an orb of fire
 78366 | Zot:2    | Killed an orb of fire
 78804 | Zot:2    | Reached skill level 24 in Spellcasting
 79131 | Zot:2    | You fall through a shaft for 2 floors!
 81074 | Zot:3    | Learned a level 6 spell: Bolt of Cold
 81598 | Zot:5    | Entered Level 5 of the Realm of Zot
 81601 | Zot:5    | Reached XP level 27. HP: 173/173 MP: 49/53
 82525 | Zot:5    | Reached skill level 25 in Spellcasting
 83821 | Vaults:1 | Bought a book of Spatial Translocations for 910 gold pieces
 84244 | Zot:5    | Learned a level 4 spell: Passage of Golubria
 84250 | Zot:5    | Noticed an ancient lich
 84253 | Zot:5    | Killed an ancient lich
 84269 | Zot:5    | Noticed an orb of fire
 84270 | Zot:5    | HP: 7/176 [Killer Klown (40)]
 84270 | Zot:5    | Demolished by a Killer Klown

Vault maps used:
D:1:      elethiomel_arrival_shortcut, grunt_decor_fettered,
          minmay_gold_behind_fungi, kennysheep_doodads
D:2:      led_sif_pool, xom_butterflies, minmay_goblin_kobold_house
D:3:      first_ration
D:4:      kennysheep_slugbush, kennysheep_little_box,
          minmay_overflow_temple_star_quad, serial_shops,
          nicolae_shop_competitors_out_of_business,
          kennysheep_decorative_pillar, hangedman_decor_slide_cut, minmay_bent
D:6:      nicolae_qazlal_eye_of_the_storm, nicolae_ru_path_of_blood,
          uniq_duvessa, uniq_eustachio
D:7:      lightli_temple_of_fire, okawaru_ov_weapons_minmay,
          chequers_temple_overflow_statue_of_worship,
          minmay_temple_entry_proselytizer, makhleb_heckhound_becter, uniq_pikel
D:8:      overflow_temple_1_default, grunt_gozag_statues, uniq_grum,
          uniq_joseph, uniq_maurice
D:9:      grunt_lair_entry_orc_guard_hut, orc_0_dummy, serial_shops,
          nicolae_shop_waterfront, nicolae_shop_behind_doors, shop
D:10:     serial_shops, nicolae_shop_window_shopping
D:11:     serial_shops, shop_statue, basic_altar, uniq_erica
D:13:     erik_vaults_1
D:14:     corexii_leaking_fountain, biasface_ghost_orc_armoury
D:15:     grunt_enter_depths_hoard, minmay_misc_feat_doors
Lair:1:   grunt_megastairs_5, minmay_lair_oklob_chamber, serial_bayou_shore_b,
          uniq_sonja
Lair:2:   minmay_swamp_entry_worms, gauntlet_entry_generic, tgw_fedhas,
          serial_bayou_shore_b, uniq_gastronok
Lair:3:   lemuel_fruit_tree, serial_bayou_shore_b
Lair:4:   regret_index_harrowing_hell_hive, spider_nest_entry_web_field
Lair:5:   basic_altar, gammafunk_ghost_hydra_chop, beast_lair_carwin_5
Lair:6:   guppyfry_lair_end_dragon, slime_dummy, lemuel_fruit_fields,
          lemuel_fruit_fields
Swamp:1:  evilmike_swamp_ruin_house_6, infiniplex_staircase_pool, uniq_josephine
Swamp:2:  evilmike_swamp_ruin_house_5
Swamp:3:  nicolae_swamp_fairy_circle
Swamp:4:  swamp_old_school, uniq_nikola
Spider:1: uniq_agnes
Spider:2: nicolae_spider_circle_web
Spider:3: uniq_arachne
Spider:4: spider_rune_water, nicolae_looking_at_the_future
Slime:1:  cheibrodos_slime_lost_civilization_9,
          nicolae_slime_ancient_tower_intersection
Orc:1:    giant_chief_lemuel, serial_shops, shop, mines2_david, uniq_nergalle,
          uniq_harold
Orc:2:    st_orc_pillars
Elf:1:    minmay_elf_arrival_plus, orc_legates
Elf:3:    grunt_elf_hall_branching
Vaults:1: vaults_room_grunt_arrival_ludios, vaults_standard_mumra_lines,
          nicolae_vaults_alarming, hangedman_vaults_snaps,
          ontoclasm_vaults_decontamination, hangedman_vaults_cutoff,
          nicolae_vaults_network_square, ontoclasm_vaults_gateway, serial_shops,
          shop
Vaults:2: v_alt_pattern_5, nicolae_vaults_little_squares_3,
          hangedman_vaults_nails, v_alt_pattern_2, v_misc_9,
          nicolae_vaults_network_s, grunt_tower_of_power,
          nicolae_vaults_triangles, minmay_crypt_entry_simple_round, v_misc_14,
          v_misc_25, vaults_mumra_lcd, nicolae_vaults_little_squares_5,
          ontoclasm_vaults_twist, serial_shops, nicolae_shop_crystal,
          uniq_frederick
Vaults:3: nicolae_vaults_theta, v_misc_9, v_misc_8, v_misc_22,
          grunt_vaults_twisty, hangedman_vaults_corner_blocks,
          dpeg_vaults_monster_row, special_room_vaults,
          nicolae_vaults_circle_grid_b, hangedman_vaults_corner_blocks,
          vaults_room_hallway, vaults_room_door_ring, uniq_sojobo, uniq_mennas
Vaults:4: vaults_room_door_hall, grunt_vaults_bifocal,
          nicolae_vaults_big_angled_halls, v_misc_1, hangedman_vaults_stream,
          nicolae_vaults_shelves_hall, v_pattern_5,
          ontoclasm_vaults_claustrophobia, vaults_mumra_minichess,
          hangedman_vaults_trim, vaults_dpeg_encased_lava, serial_shops,
          nicolae_shop_window_shopping
Vaults:5: serial_shops
Depths:1: enter_ziggurat_d, lightli_too_deep, serial_corexii_hall,
          corexii_hall_statues_deadend, corexii_hall_statues_u,
          minmay_misc_feat_x, grunt_decor_mini_mirrors, grunt_decor_one_mirror,
          minmay_misc_feat_ornament, minmay_microvault
Depths:2: minmay_nested_s, serial_sigils_hangedman_stare, hell_entry
Depths:3: hangedman_cross_veins, serial_bayou_lagoon_a, rand_demon_pan_entry_4,
          hangedman_coc_ice_floe, firewood_loft, infiniplex_staircase_squiggle,
          serial_bayou_shore_a, uniq_xtahua, uniq_jory
Depths:4: mu_elephants_graveyard, abyss_entry, infiniplex_staircase_x,
          pf_vacation_house_of_asmodeus
Depths:5: grunt_zot_entry_bicorn, pf_hell_entry_tar_river,
          grunt_pan_entry_zigzag, hangedman_decor_growths, minivault_16
Zot:1:    skrybe_zot_glass_1
Zot:2:    grunt_ministairs_8
Zot:5:    hangedman_zot_decor_slant

Skill      XL: |  1  2  3  4  5  6  7  8  9 10 11 12 13 14 15 16 17 18 19 20 21 22 23 24 25 26 27 |
---------------+----------------------------------------------------------------------------------+-----
Conjurations   | 2 3 4 5 7 9 10 11 12 13 14 16 17 18 20 21 22 | 22.0
Spellcasting   | 4 5 6 8 9 10 11 13 15 16 17 19 20 21 22 23 24 25 | 25.3
Fire Magic     | 4 5 6 7 8 9 10 11 14 17 18 19 20 | 20.0
Evocations     | 3 5 7 8 9 |  9.2
Dodging        | 4 6 8 10 11 12 | 12.0
Fighting       | 2 4 5 7 8 9 10 12 13 16 17 18 | 18.8
Necromancy     | 1 5 6 7 8 |  8.0
Poison Magic   | 4 |  4.4
Earth Magic    | 3 8 10 12 13 | 13.9
Ice Magic      | 1 4 5 8 |  8.0
Shields        | 4 7 13 15 16 | 16.0
Air Magic      | 2 6 |  6.0
Summonings     | 8 |  8.0
Stealth        | |  2.4

Action                   |  1- 3 |  4- 6 |  7- 9 | 10-12 | 13-15 | 16-18 | 19-21 | 22-24 | 25-27 || total
-------------------------+-------+-------+-------+-------+-------+-------+-------+-------+-------++-------
Melee: Morningstar       |     8 |    16 |     6 |       |       |       |       |       |       ||    30
       Unarmed           |     2 |       |       |       |       |       |       |       |       ||     2
       Staff             |       |       |     3 |     8 |    29 |     2 |       |       |       ||    42
       Trident           |       |       |       |       |       |   207 |    84 |    45 |    58 ||   394
       Peck              |       |       |       |       |       |       |       |       |     5 ||     5
 Cast: Flame Tongue      |    69 |    50 |   104 |   116 |    96 |       |       |       |       ||   435
       Throw Flame       |    12 |    19 |    76 |   106 |   135 |   142 |    41 |     7 |       ||   538
       Conjure Flame     |     2 |     5 |     7 |    14 |     6 |       |     1 |     1 |       ||    36
       Sticky Flame      |       |     6 |    22 |    45 |    52 |    43 |    12 |     6 |     6 ||   192
       Fireball          |       |       |    18 |    72 |   130 |   210 |   166 |   199 |   141 ||   936
       Animate Dead      |       |       |       |    12 |    33 |    25 |     7 |     5 |     1 ||    83
       Olgreb's Toxic Ra |       |       |       |       |    18 |     2 |       |       |       ||    20
       Borgnjor's Vile C |       |       |       |       |    18 |    26 |    47 |    14 |    15 ||   120
       Iron Shot         |       |       |       |       |    30 |   201 |   160 |   209 |    71 ||   671
       Freezing Cloud    |       |       |       |       |     7 |    29 |    45 |    28 |     5 ||   114
       Orb of Destructio |       |       |       |       |       |    28 |    25 |    27 |    21 ||   101
       Spellforged Servi |       |       |       |       |       |    51 |    63 |    27 |    34 ||   175
       Fire Storm        |       |       |       |       |       |       |    17 |    75 |    49 ||   141
       Lehudib's Crystal |       |       |       |       |       |       |       |       |    92 ||    92
       Bolt of Cold      |       |       |       |       |       |       |       |       |     8 ||     8
Evoke: Wand              |       |       |     1 |     3 |    12 |    17 |     2 |     6 |       ||    41
       Sack of spiders   |       |       |       |       |       |     3 |       |       |       ||     3
       Box of beasts     |       |       |       |       |       |       |       |     2 |       ||     2
       Lamp of fire      |       |       |       |       |       |       |       |     1 |       ||     1
  Use: Scroll            |     1 |       |    12 |     6 |    12 |    16 |     6 |     9 |     9 ||    71
       Potion            |     1 |       |       |       |     1 |     3 |     7 |     7 |     9 ||    28
 Stab: Distracted        |       |       |       |       |       |     6 |     1 |     1 |       ||     8
  Eat: Chunk             |     2 |     7 |    16 |    13 |    28 |    41 |    39 |    17 |    18 ||   181
       Ration            |       |       |     1 |     5 |     2 |     6 |     2 |    10 |     5 ||    31
Armor: Robe              |    12 |       |     3 |    14 |     4 |       |     8 |     3 |    18 ||    62
       Steam dragon scal |       |       |       |       |    21 |   103 |    12 |    42 |       ||   178
Dodge: Dodged            |    43 |    15 |    39 |    73 |   108 |   247 |   113 |   148 |    92 ||   878
Block: Other             |       |       |       |       |    16 |       |       |       |       ||    16
       Reflection        |       |       |       |       |     4 |    23 |    29 |    12 |       ||    68
       Buckler           |       |       |       |       |     7 |   213 |    73 |    42 |       ||   335
       Shield            |       |       |       |       |       |       |       |    62 |    87 ||   149

Table legend:
 A = Non-vault XP
 B = Vault XP
 C = Vault XP percentage of total XP
 D = Non-vault monster count
 E = Vault monster count
 F = Vault count percentage of total count
                 A         B        C        D         E       F
            +---------+---------+-------+---------+---------+-------
      Total |  932265 |  615986 |  39.8 |    1791 |     838 |  31.9
            +---------+---------+-------+---------+---------+-------
        D:1 |      64 |       0 |   0.0 |      26 |       0 |   0.0
        D:2 |      56 |       6 |   9.7 |      20 |       3 |  13.0
        D:3 |      75 |       0 |   0.0 |      22 |       0 |   0.0
        D:4 |     708 |     195 |  21.6 |      24 |      14 |  36.8
        D:5 |     716 |       0 |   0.0 |      23 |       0 |   0.0
        D:6 |     466 |     410 |  46.8 |       9 |       3 |  25.0
        D:7 |    1433 |     671 |  31.9 |      23 |       2 |   8.0
        D:8 |    1188 |     852 |  41.8 |      21 |       2 |   8.7
        D:9 |    2302 |     435 |  15.9 |      20 |       4 |  16.7
       D:10 |    2570 |       0 |   0.0 |      26 |       0 |   0.0
       D:11 |    7233 |     929 |  11.4 |      25 |       1 |   3.8
       D:12 |    7451 |     906 |  10.8 |      57 |      27 |  32.1
       D:13 |    5399 |    1808 |  25.1 |      21 |       2 |   8.7
       D:14 |    7657 |    5498 |  41.8 |      29 |      17 |  37.0
       D:15 |    7533 |    1947 |  20.5 |      16 |       2 |  11.1
     Lair:1 |    6267 |    2421 |  27.9 |      34 |       8 |  19.0
     Lair:2 |    1987 |    2599 |  56.7 |      13 |       3 |  18.8
     Lair:3 |    8731 |       0 |   0.0 |      19 |       0 |   0.0
     Lair:4 |    4838 |    8107 |  62.6 |      19 |      54 |  74.0
     Lair:5 |    1939 |    1453 |  42.8 |       9 |       7 |  43.8
     Lair:6 |    6904 |    3196 |  31.6 |      27 |      13 |  32.5
    Swamp:1 |   12191 |    1777 |  12.7 |      34 |       6 |  15.0
    Swamp:2 |    8923 |       0 |   0.0 |      22 |       0 |   0.0
    Swamp:3 |    8415 |       0 |   0.0 |      27 |       0 |   0.0
    Swamp:4 |    9016 |   17230 |  65.6 |      30 |      25 |  45.5
   Spider:1 |   15332 |    1718 |  10.1 |      40 |       1 |   2.4
   Spider:2 |   14490 |       0 |   0.0 |      33 |       0 |   0.0
   Spider:3 |    8648 |    2764 |  24.2 |      20 |       1 |   4.8
   Spider:4 |   16220 |   24852 |  60.5 |      54 |      61 |  53.0
    Slime:1 |   28448 |       0 |   0.0 |      38 |       0 |   0.0
    Slime:2 |   20083 |       0 |   0.0 |      39 |       0 |   0.0
    Slime:3 |   18106 |       0 |   0.0 |      34 |       0 |   0.0
    Slime:4 |   11374 |       0 |   0.0 |      16 |       0 |   0.0
    Slime:5 |   24195 |   31020 |  56.2 |      58 |      13 |  18.3
      Orc:1 |    2196 |   13720 |  86.2 |      33 |      36 |  52.2
      Orc:2 |    3433 |    9967 |  74.4 |      43 |      62 |  59.0
      Elf:1 |   24864 |   11022 |  30.7 |      41 |      28 |  40.6
      Elf:2 |   18753 |   22041 |  54.0 |      32 |      33 |  50.8
      Elf:3 |   22718 |   41317 |  64.5 |      38 |      32 |  45.7
   Vaults:1 |   28269 |   13877 |  32.9 |      44 |      29 |  39.7
   Vaults:2 |   25426 |   30232 |  54.3 |      57 |      39 |  40.6
   Vaults:3 |   21565 |   36021 |  62.6 |      46 |      55 |  54.5
   Vaults:4 |   42056 |   24297 |  36.6 |      76 |      39 |  33.9
   Vaults:5 |   28350 |  109268 |  79.4 |      42 |      83 |  66.4
   Depths:1 |   40929 |    4376 |   9.7 |      57 |       4 |   6.6
   Depths:2 |   30035 |   51323 |  63.1 |      47 |      44 |  48.4
   Depths:3 |   38316 |   38495 |  50.1 |      53 |      28 |  34.6
   Depths:4 |   57708 |   18497 |  24.3 |      80 |      17 |  17.5
   Depths:5 |   47552 |   22871 |  32.5 |      41 |      21 |  33.9
      Zot:1 |   33320 |       0 |   0.0 |      15 |       0 |   0.0
      Zot:2 |   58755 |    6517 |  10.0 |      37 |       2 |   5.1
      Zot:3 |   62640 |       0 |   0.0 |      41 |       0 |   0.0
      Zot:4 |   27920 |       0 |   0.0 |      14 |       0 |   0.0
      Zot:5 |   46502 |   51351 |  52.5 |      26 |      17 |  39.5
            +---------+---------+-------+---------+---------+-------
